 Dungeon Crawl Stone Soup version 0.23.2 (webtiles) character file.

Game seed: 12933260990071410359

2910 Descartes the Sneak (level 9, -2/43 HPs)
             Began as a Vine Stalker Wizard on Apr 4, 2019.
             Was a Priest of Dithmenos.
             Splashed by a jelly's acid (6 damage)
             ... on level 7 of the Dungeon.
             The game lasted 00:33:46 (8712 turns).

Descartes the Sneak (Vine Stalker Wizard)           Turns: 8712, Time: 00:33:48

Health: -2/43      AC: -1    Str: 10    XL:     9   Next: 78%
Magic:  0/18       EV: 13    Int: 20    God:    Dithmenos [***...]
Gold:   372        SH:  0    Dex: 14    Spells: 10/19 levels left

rFire    + + .     SeeInvis .   o - +1 short sword (protect)
rCold    + . .     Gourm    .   (no shield)
rNeg     . . .     Faith    .   B - +2 robe {rC+ rF+}
rPois    .         Spirit   +   z - +2 helmet
rElec    .         Reflect  .   j - +0 cloak
rCorr    .         Harm     .   (no gloves)
MR       +....                  (no boots)
Stlth    ++++++....             r - amulet of magic regeneration
HPRegen  0.54/turn              R - ring of protection from fire
MPRegen  0.41/turn              n - ring of stealth

@: corroded, protection aura, wreathed by umbra
A: fangs 3, regeneration 1, magic shield, antimagic bite, no potion heal 3, rot
immunity
a: Shadow Step, Renounce Religion


You were on level 7 of the Dungeon.
You worshipped Dithmenos.
Dithmenos was most pleased with you.
You were not hungry.

You visited 2 branches of the dungeon, and saw 9 of its levels.
You also visited: Ossuary.

You collected 527 gold pieces.
You spent 155 gold pieces at shops.

Inventory:

Hand Weapons
 g - a +0 antimagic flail
 i - a +0 halberd
 o - a +1 short sword of protection (weapon)
 P - a +3 hand axe of draining
 Q - a +0 blowgun
Missiles
 c - 122 sling bullets
 m - 40 poisoned needles
 C - 8 javelins (quivered)
Armour
 j - a +0 cloak (worn)
 z - a +2 helmet (worn)
 B - a +2 robe of resistance (worn)
 D - a +0 shield of poison resistance
 G - a +3 leather armour
Jewellery
 h - an uncursed ring of positive energy
 k - an uncursed ring of flight
 n - a ring of stealth (right hand)
 r - an amulet of magic regeneration (around neck)
 w - an uncursed amulet of rage
 R - a ring of protection from fire (left hand)
Wands
 f - a wand of random effects (19)
 u - a wand of flame (7)
 I - a wand of enslavement (7)
 N - a wand of disintegration (17)
Scrolls
 a - 4 scrolls of enchant weapon {unknown}
 b - 2 scrolls of remove curse
 l - a scroll of immolation {unknown}
 s - a scroll of random uselessness {unknown}
 t - 2 scrolls of magic mapping
 v - 3 scrolls of enchant armour {unknown}
 x - 7 scrolls of teleportation
 y - a scroll of fog {unknown}
 O - a scroll of blinking {unknown}
Potions
 e - a potion of berserk rage
 p - 3 potions of curing
 q - 3 potions of flight
 A - 2 potions of agility
 E - 3 potions of brilliance
 F - 3 potions of might
 K - a potion of magic {unknown}
 L - 3 potions of lignification {unknown}
Comestibles
 d - 12 rations
 H - 3 chunks of flesh


   Skills:
 + Level 2.7 Fighting
 + Level 2.7 Short Blades
 + Level 3.1 Dodging
 * Level 6.7 Stealth
 * Level 2.7 Shields
 + Level 4.2 Unarmed Combat
 + Level 5.5 Spellcasting
 + Level 4.3 Conjurations
   Level 1.0 Summonings
 + Level 3.1 Translocations
 + Level 4.0 Air Magic
 + Level 3.0 Poison Magic
 + Level 2.2 Evocations


You had 10 spell levels left.
You knew the following spells:

 Your Spells              Type           Power        Failure   Level  Hunger
a - Magic Dart            Conj           ###.         1%          1    None
b - Blink                 Tloc           N/A          4%          2    None
c - Mephitic Cloud        Conj/Pois/Air  ###.....     7%          3    ##.....
d - Conjure Flame         Conj/Fire      ##......     14%         3    ##.....

Your spell library contained the following spells:

 Spells                   Type           Power        Failure   Level  Hunger
 Corona                   Hex            #......      11%         1    None
 Call Imp                 Summ           #.......     11%         2    None
 Dazzling Spray           Conj/Hex       ##....       14%         3    ##.....
 Ensorcelled Hibernation  Hex/Ice        #.....       17%         2    None
 Slow                     Hex            #.......     17%         2    None
 Confuse                  Hex            #.......     32%         3    ##.....
 Tukima's Dance           Hex            #.......     32%         3    ##.....


Dungeon Overview and Level Annotations

Branches:
Dungeon (8/15)             Temple (1/1) D:4
   Lair: D:8-11

Altars:
Ashenzari
Cheibriados
Dithmenos
Elyvilon
Fedhas
Gozag
Hepliaklqana
Kikubaaqudgha
Makhleb
Nemelex Xobeh
Okawaru
Qazlal
Ru
Sif Muna
Trog
Uskayaw
Vehumet
Wu Jian
Xom
Yredelemnul
Zin
The Shining One

Shops:
D:5 ?[(

Annotations:
D:5 3 runed translucent doors, Gargoyl's ghost, novice CeAK


Innate Abilities, Weirdness & Mutations

You have razor-sharp teeth.
Your natural rate of healing is unusually fast.
When hurt, damage is shared between your health and your magic reserves.
Your bite disrupts and absorbs the magic of your enemies.
Potions cannot restore your health.
You are immune to rotting.


Message History

The jelly barely misses you.
You hit the jelly.
Your hands burn!
The jelly is severely wounded.
The jelly hits you.
* * * LOW HITPOINT WARNING * * *
You are splashed with acid!
* * * LOW HITPOINT WARNING * * *
You hit the jelly but do no damage.
Your hands burn!
* * * LOW HITPOINT WARNING * * *
You punch the jelly, but do no damage. You bite the jelly, but do no damage.
The jelly is severely wounded.
The jelly barely misses you.
You hit the jelly but do no damage.
Your hands burn!
* * * LOW HITPOINT WARNING * * *
You bite the jelly. You drain its power.
You feel invigorated.
The jelly is almost dead.
The jelly hits you.
* * * LOW HITPOINT WARNING * * *
You are splashed with acid!
You die...

......# ......#
......### ........#
#####...# ##########
#...# #........# #...#
#........#
#####...#####........#
..........)()(.J@....###
###.#########..........#
....# #........#.# ###.#
##### #........#.# # #.#
#...# #........#.# ###.#
#...# ###........# ....#
#...#####.#####..# .#..#
#................# .#..#
#....####...###.##


You could see a jelly.

Vanquished Creatures
  Grinder (D:6)
  Edmund (D:4)
  Menkaure (D:5)
  2 orc warriors
  3 ice beasts
  3 ogres
  A phantom (D:7)
  A centaur (D:7)
  A big kobold (D:7)
  A bullfrog (D:7)
  Blork the orc (D:4)
  2 scorpions
  3 howler monkeys (D:7)
  4 crimson imps
  2 hounds
  2 human zombies (D:6)
  A bullfrog skeleton (D:8)
  6 orc priests
  2 jellies
  6 orc wizards
  An iguana (D:4)
  3 worker ants
  A hound zombie (D:7)
  A hound skeleton (D:5)
  A howler monkey zombie (D:5)
  2 worker ant zombies
  8 mummies (Ossuary)
  A howler monkey skeleton (D:4)
  9 adders
  A gnoll (D:1)
  A shadow imp (D:7)
  7 oozes
  An adder skeleton (D:6)
  A worm (D:3)
  A dart slug (D:4)
  4 leopard geckos
  24 orcs
  4 giant cockroaches
  12 goblins
  3 hobgoblins (D:3)
  4 jackals (D:6)
  13 kobolds
  2 quokkas
  A ball python (D:1)
  3 bats
  A frilled lizard (D:1)
  3 gnoll zombies (Ossuary)
  4 hobgoblin zombies (Ossuary)
  A leopard gecko skeleton (D:4)
  An orc zombie (Ossuary)
  7 rats
170 creatures vanquished.

Notes
Turn   | Place    | Note
-------+----------+-------------------------------------------
     0 | D:1      | Descartes the Vine Stalker Wizard began the quest for the
                  | Orb.
     0 | D:1      | Reached XP level 1. HP: 9/9 MP: 5/5
   370 | D:1      | Reached XP level 2. HP: 1/13 MP: 1/7
   677 | D:1      | Learned a level 2 spell: Blink
  1221 | D:1      | Reached skill level 1 in Unarmed Combat
  1221 | D:1      | Reached XP level 3. HP: 16/16 MP: 9/9
  1325 | D:1      | Reached skill level 3 in Stealth
  1678 | D:1      | Learned a level 3 spell: Mephitic Cloud
  2395 | D:2      | You fall through a shaft!
  2410 | D:3      | Learned a level 3 spell: Conjure Flame
  2787 | D:3      | Gained mutation: Your natural rate of healing is unusually
                  | fast. [Vine Stalker growth]
  2787 | D:3      | Reached XP level 4. HP: 21/21 MP: 10/10
  3735 | D:4      | Reached skill level 1 in Air Magic
  3767 | D:4      | Reached XP level 5. HP: 3/25 MP: 11/11
  3834 | D:4      | Noticed Blork the orc
  3856 | D:4      | Killed Blork the orc
  3856 | D:4      | Reached skill level 1 in Fighting
  3923 | D:4      | Found a staircase to the Ecumenical Temple.
  3928 | Temple   | Entered the Ecumenical Temple
  4140 | Temple   | Became a worshipper of Dithmenos the Shadowed
  4276 | D:4      | Reached XP level 6. HP: 30/30 MP: 12/12
  4554 | D:4      | Noticed Edmund
  4596 | D:4      | Killed Edmund
  4596 | D:4      | Reached skill level 1 in Short Blades
  4596 | D:4      | Reached skill level 4 in Stealth
  4637 | D:4      | Reached skill level 1 in Poison Magic
  4770 | D:4      | Found a glowing golden altar of the Shining One.
  5079 | D:5      | Entered Level 5 of the Dungeon
  5100 | D:5      | Found Ehokibar's Magic Scroll Shop.
  5103 | D:5      | Bought a scroll of magic mapping for 45 gold pieces
  5126 | D:5      | Found a shimmering altar of Xom.
  5126 | D:5      | Found a shimmering altar of Xom.
  5137 | D:5      | Noticed an ice beast
  5163 | D:5      | Reached XP level 7. HP: 33/33 MP: 14/14
  5229 | D:5      | Reached skill level 1 in Evocations
  5278 | D:5      | Paralysed by fainting for 6 turns
  5287 | D:5      | Found a shimmering altar of Xom.
  5287 | D:5      | Found a shimmering altar of Xom.
  5287 | D:5      | Found a shimmering altar of Xom.
  5332 | D:5      | Noticed Menkaure
  5566 | D:5      | Found a shimmering altar of Xom.
  5568 | D:5      | Found a shimmering altar of Xom.
  5608 | D:4      | HP: 1/33 [orc priest/divine providence (9)]
  5610 | D:4      | Reached * piety under Dithmenos
  5704 | D:5      | Found Jefil's Antique Weapon Boutique.
  5719 | D:5      | Gained mutation: You have razor-sharp teeth. [Vine Stalker
                  | growth]
  5719 | D:5      | Reached XP level 8. HP: 37/37 MP: 15/15
  5723 | D:5      | Killed Menkaure
  5723 | D:5      | Reached skill level 5 in Stealth
  6123 | D:5      | Found a runed translucent gate.
  6123 | D:5      | Found Gyorph's Armour Boutique.
  6123 | D:5      | Found a runed translucent gate.
  6123 | D:5      | Found a runed translucent gate.
  6123 | D:5      | Noticed Gargoyl's ghost (novice CeAK)
  6132 | D:5      | Bought a +0 shield of poison resistance for 110 gold pieces
  6632 | D:6      | Reached skill level 5 in Spellcasting
  6745 | D:6      | Reached skill level 1 in Shields
  6905 | D:6      | Found a sand-covered staircase.
  6950 | Ossuary  | Entered an ossuary
  7084 | Ossuary  | Reached ** piety under Dithmenos
  7414 | D:6      | Reached XP level 9. HP: 42/42 MP: 17/17
  7488 | D:6      | Noticed Grinder
  7500 | D:6      | Killed Grinder
  7500 | D:6      | Reached skill level 6 in Stealth
  8057 | D:7      | Reached *** piety under Dithmenos
  8712 | D:7      | Splashed by a jelly's acid

Skill      XL: |  1  2  3  4  5  6  7  8  9 |
---------------+----------------------------+-----
Unarmed Combat | 1 2 3 4 |  4.2
Stealth        | 3 4 5 6 |  6.7
Air Magic      | 1 2 3 4 |  4.0
Dodging        | 2 3 |  3.1
Fighting       | 1 2 |  2.7
Conjurations   | 2 3 4 |  4.3
Spellcasting   | 4 5 |  5.5
Short Blades   | 1 2 |  2.7
Poison Magic   | 1 2 3 |  3.0
Evocations     | 1 2 |  2.2
Translocations | 2 3 |  3.1
Shields        | 1 2 |  2.7
Summonings     | |  1.0

Action                   |  1- 3 |  4- 6 |  7- 9 || total
-------------------------+-------+-------+-------++-------
Melee: Club              |    53 |       |       ||    53
       Unarmed           |    15 |       |       ||    15
       Bite              |    30 |    51 |   203 ||   284
       Halberd           |    85 |     1 |       ||    86
       Short sword       |       |   211 |   847 ||  1058
       Punch             |       |     3 |     7 ||    10
Throw: Javelin           |       |       |     1 ||     1
 Cast: Mephitic Cloud    |       |     1 |    10 ||    11
       Conjure Flame     |       |       |     1 ||     1
Evoke: Wand              |       |       |     2 ||     2
  Use: Scroll            |     1 |     4 |     4 ||     9
       Potion            |       |     1 |       ||     1
 Stab: Sleeping          |     6 |     9 |    22 ||    37
       Confused          |       |     1 |     7 ||     8
       Distracted        |       |     1 |       ||     1
  Eat: Chunk             |     6 |     6 |     9 ||    21
       Ration            |       |       |     2 ||     2
Armor: Robe              |    13 |    35 |   302 ||   350
       Leather armour    |    25 |    54 |       ||    79
Dodge: Dodged            |   105 |   129 |   525 ||   759
